 Dungeon Crawl Stone Soup version 0.24-a0-271-ga0fc33f724 (webtiles) character file.

Game seed: 15920494546947360752

145 Darkell the Cutter (level 5, -6/51 HPs)
             Began as a Kobold Berserker on Apr 23, 2019.
             Was a Believer of Trog.
             Mangled by an ogre
             ... wielding a +0 giant spiked club
              (13 damage)
             ... on level 4 of the Dungeon.
             The game lasted 00:04:51 (3112 turns).

Darkell the Cutter (Kobold Berserker)               Turns: 3112, Time: 00:04:52

Health: -6/51      AC: 22    Str: 14    XL:     5   Next: 53%
Magic:  5/5        EV:  3    Int:  9    God:    Trog [**....]
Gold:   167        SH:  0    Dex: 17    Spells: 4/4 levels left

rFire    . . .     SeeInvis .   a - +0 short sword
rCold    . . .     Gourm    .   (shield restricted)
rNeg     + + +     Faith    .   (armour currently unavailable)
rPois    +         Spirit   .   (helmet currently unavailable)
rElec    .         Reflect  .   (cloak currently unavailable)
rCorr    .         Harm     .   (gloves currently unavailable)
MR       .....     NoTele   +   (boots currently unavailable)
Stlth    ++........             (no amulet)
HPRegen  0.17/turn              (no ring)
MPRegen  0.09/turn              (no ring)

@: lethally poisoned (-6 -> -10), tree-form, berserk cooldown, slowed, very slow
A: small, thin skeletal structure 1, carnivore
a: Berserk, Trog's Hand, Renounce Religion


You were on level 4 of the Dungeon.
You worshipped Trog.
Trog was pleased with you.
You were not hungry.
You were a tree.
You visited 1 branch of the dungeon, and saw 4 of its levels.

You collected 167 gold pieces.

Inventory:

Hand Weapons
 a - a +0 short sword (weapon)
Armour
 b - a +0 animal skin
 j - a +0 leather armour (melded)
 k - a +0 pair of boots (melded)
 p - a +0 pair of gloves (melded)
Scrolls
 d - 4 scrolls of identify {unknown}
 g - a scroll of teleportation {unknown}
 h - a scroll of magic mapping {unknown}
 m - a scroll of immolation {unknown}
 o - a scroll of enchant weapon {unknown}
Potions
 f - 2 potions of mutation
 l - a potion of curing {unknown}
 n - a potion of berserk rage {unknown}
Comestibles
 c - 4 rations


   Skills:
 + Level 4.5 Fighting
 + Level 5.4 Short Blades
 - Level 1.5 Armour
 + Level 4.1 Dodging


You had 4 spell levels left.
You didn't know any spells.
Your spell library was empty.

Dungeon Overview and Level Annotations

Branches:
Dungeon (4/15)
 Temple: D:4-7

Altars:
Ru
Trog
Vehumet
The Shining One

Annotations:
D:4 Ijyb


Innate Abilities, Weirdness & Mutations

You are small and have problems with some larger weapons.
You are carnivorous and can eat meat at any time.
((You have a pair of small horns on your head.))
You have a somewhat thin skeletal structure. (Dex +2, Stealth)
((Your system is resistant to poisons. (rPois)))


Message History

The ogre hits you with a +0 giant spiked club!
The howler monkey hits you but does no damage.
You feel sick.
You feel sick.
The howler monkey hoots and howls with incredible vigour!
You feel sick. Ijyb screams, "Me stronger than you!"
The howler monkey barely misses you. The ogre barely misses you.
You feel sick. The howler monkey hits you!
* * * LOW HITPOINT WARNING * * *
* * * LOW HITPOINT WARNING * * *
You feel sick.
It was a potion of lignification.
You turn into a tree.
Your +0 pair of gloves melds into your body.
Your +0 pair of boots melds into your body.
Your +0 leather armour melds into your body.
Your roots penetrate the ground.
The howler monkey hits you but does no damage.
The ogre hits you with a +0 giant spiked club!
You die...

###..# ##.# .....##
##.## ......##
##.## .......##
#..# ........##
##.##
.........#####.##
...........†..g##
..............OO##
........###...#h♣##
.......##
#...##..## ......##
#...####.## .....##
#...# ##.# ....##
#...# ### ...##
#...# ...# ##..#
#..# #..# ..# #..#


You could see 2 ogres, Ijyb and a howler monkey.

Vanquished Creatures
  A worker ant (D:4)
  3 adders
  An ooze (D:2)
  4 worms
  2 dart slugs
  5 leopard geckos
  3 orcs (D:3)
  A ball python (D:2)
  5 giant cockroaches
  3 goblins
  8 hobgoblins
  8 jackals
  A quokka (D:2)
  7 bats
  7 frilled lizards
  2 kobolds (D:3)
  4 rats
65 creatures vanquished.

Notes
Turn   | Place    | Note
-------+----------+-------------------------------------------
     0 | D:1      | Darkell the Kobold Berserker began the quest for the Orb.
     0 | D:1      | Reached XP level 1. HP: 14/14 MP: 1/1
   219 | D:1      | Reached XP level 2. HP: 19/19 MP: 2/2
   802 | D:2      | Reached XP level 3. HP: 24/24 MP: 3/3
   936 | D:2      | Reached ** piety under Trog
   941 | D:2      | Reached XP level 4. HP: 24/29 MP: 4/4
  1253 | D:2      | Found a glowing golden altar of the Shining One.
  1462 | D:2      | Found a bloodstained altar of Trog.
  1542 | D:3      | Reached skill level 5 in Short Blades
  2022 | D:3      | Reached XP level 5. HP: 25/34 MP: 5/5
  2067 | D:3      | Found a sacrificial altar of Ru.
  2084 | D:3      | Found a radiant altar of Vehumet.
  3075 | D:4      | Noticed Ijyb
  3078 | D:4      | Noticed an ogre
  3094 | D:4      | Gained mutation: You have a pair of small horns on your
                  | head. [potion of mutation]
  3094 | D:4      | Gained mutation: You have a somewhat thin skeletal
                  | structure. (Dex +2, Stealth) [potion of mutation]
  3094 | D:4      | Gained mutation: Your system is resistant to poisons.
                  | (rPois) [potion of mutation]
  3095 | D:4      | Noticed an ogre
  3112 | D:4      | Mangled by an ogre

Levels and vault maps discovered:
D:1:      lightli_arrival_isolated_outpost, layout_loops_ring
D:2:      layout_rooms, lemuel_coloured_pillars_altar, lightli_temple_of_fire,
          st_stairs_7
D:3:      layout_loops_ring, fiery_altar_vehumet, first_ration,
          nrook_mini_backslash, lemuel_statue_altar
D:4:      layout_layer_cave, xom_butterflies, uniq_ijyb

Skill      XL: |  1  2  3  4  5 |
---------------+----------------+-----
Dodging        | 3 4 |  4.1
Fighting       | 4 |  4.5
Short Blades   | 5 |  5.4
Armour         | |  1.5

Action                   |  1- 3 |  4- 6 || total
-------------------------+-------+-------++-------
Melee: Short sword       |    88 |   220 ||   308
Invok: Berserk           |     2 |     2 ||     4
  Use: Potion            |       |     4 ||     4
  Eat: Chunk             |     9 |     6 ||    15
Armor: Animal skin       |     4 |       ||     4
       Leather armour    |     7 |    30 ||    37
       Skin              |       |     1 ||     1
Dodge: Dodged            |    72 |   170 ||   242

Table legend:
 A = Non-vault XP
 B = Vault XP
 C = Vault XP percentage of total XP
 D = Non-vault monster count
 E = Vault monster count
 F = Vault count percentage of total count
                 A         B        C        D         E       F
            +---------+---------+-------+---------+---------+-------
      Total |     206 |       2 |   1.0 |      64 |       1 |   1.5
            +---------+---------+-------+---------+---------+-------
        D:1 |      21 |       0 |   0.0 |      11 |       0 |   0.0
        D:2 |      64 |       2 |   3.0 |      24 |       1 |   4.0
        D:3 |      64 |       0 |   0.0 |      24 |       0 |   0.0
        D:4 |      57 |       0 |   0.0 |       5 |       0 |   0.0
            +---------+---------+-------+---------+---------+-------
